 Dungeon Crawl Stone Soup version 0.26.0-7-g794d0892b4 (webtiles) character file.

Game seed: 8305595014923262710

160 Acheron the Skirmisher (level 5, -2/32 HPs)
             Began as a Tengu Abyssal Knight on Jan 11, 2021.
             Was a Believer of Lugonu.
             Slain by a worker ant (3 damage)
             ... on level 4 of the Dungeon.
             The game lasted 00:09:54 (3659 turns).

Acheron the Skirmisher (Tengu Abyssal Knight)       Turns: 3659, Time: 00:10:03

Health: -2/32      AC:  6    Str: 14    XL:     5   Next: 41%
Magic:  7/7        EV: 11    Int: 12    God:    Lugonu [**....]
Gold:   150        SH:  0    Dex: 13    Spells: 4/4 levels left

rFire    . . .     SeeInvis .   a - +1 hand axe
rCold    . . .     Faith    .   (no shield)
rNeg     . . .     Spirit   .   p - +0 scale mail
rPois    .         Reflect  .   (helmet restricted)
rElec    .         Harm     .   (no cloak)
rCorr    .         Rampage  .   (no gloves)
Will     .....                  (boots unavailable)
Stlth    ..........             (no amulet)
HPRegen  0.10/turn              (no ring)
MPRegen  0.10/turn              (no ring)

@: flying quickly and evasively, quick
A: beak, talons 3, able to fly
a: Stop Flying, Renounce Religion, Depart the Abyss, Bend Space


You were on level 4 of the Dungeon.
You worshipped Lugonu.
Lugonu was pleased with you.
You visited 1 branch of the dungeon, and saw 5 of its levels.
You visited the Abyss 1 time.

You collected 150 gold pieces.

Inventory:

Hand Weapons
 a - a +1 hand axe (weapon)
 d - a +0 war axe
 e - a +0 vorpal great mace
Missiles
 l - 55 stones
 u - 5 boomerangs (quivered)
Armour
 b - a +0 leather armour
 g - a +0 tower shield
 k - a +0 ring mail
 p - a +0 scale mail (worn)
Jewellery
 v - a +6 ring of intelligence {unknown}
Wands
 f - a wand of digging (5)
Scrolls
 c - a scroll of teleportation {unknown}
 h - a scroll of amnesia {unknown}
 m - 2 scrolls of identify
 o - 2 scrolls of fog {unknown}
 q - a scroll of blinking {unknown}
 s - a scroll of noise {unknown}
 t - a scroll of enchant armour {unknown}
Potions
 i - 2 potions of resistance
 j - a potion of degeneration {unknown}
 n - a potion of heal wounds {unknown}
 r - a potion of attraction {unknown}
 w - a potion of might {unknown}


   Skills:
 + Level 3.6 Fighting
 + Level 3.1 Axes
 + Level 2.9 Armour
 * Level 2.0 Dodging
 * Level 1.4 Stealth
 * Level 2.4 Invocations
 * Level 1.7 Evocations


You had 4 spell levels left.
You didn't know any spells.
Your spell library was empty.

Dungeon Overview and Level Annotations

Branches:
Dungeon (5/15)             Temple (0/1) D:5

Altars:
Fedhas

Shops:
D:4 (


Innate Abilities, Weirdness & Mutations

You have a beak for a mouth.
You have claws for feet.
You can fly continuously.


Message History

You hit the orc wizard but do no damage.
The worker ant bites you.
The orc wizard hits you but does no damage.
Unknown command.
You closely miss the worker ant.
The worker ant is lightly wounded.
You hit the orc wizard. The worker ant barely misses you.
The orc hits you from afar with a +0 trident.
The orc wizard casts a spell at you. The puff of frost hits you.
* * * LOW HITPOINT WARNING * * *
As you read the scroll labelled TAGIGO SOERHE, it crumbles to dust.
It is a scroll of identify.
i - 2 potions of resistance The worker ant bites you.
* * * LOW HITPOINT WARNING * * *
The orc wizard gestures at you while chanting.
The puff of flame misses you.
The puff of flame hits the worker ant!
The worker ant bites you.
You die...

#..Z..# ### #.....#
..#####?....# #...
#.#....##+#.# #..o
#.#.#)....#.# #o..
#.#.#######.# #..o
#.#.........# #...
#B#####...### #... #@#
#...## ####...####o#
#.<.##.##### ...'...o.ooo#
#...##.#.... ...#...######
#...##......
#...##########...####.###
..........⌠.⌠.............
#.#########.∩l#########.##.
.. #.⌠.⌠....l.# #.# .
#.#...####.# #.#


You could see a worker ant and 3 orc wizards.

Vanquished Creatures
  A worker ant (D:4)
  A gnoll (D:1)
  5 adders
  A worm (D:2)
  2 dart slugs (D:1)
  A leopard gecko (D:1)
  2 orcs
  4 giant cockroaches (D:1)
  5 goblins
  8 hobgoblins
  12 jackals
  10 kobolds
  2 quokkas
  A ball python (D:3)
  4 bats
  3 frilled lizards
  9 rats
71 creatures vanquished.

Notes
Turn   | Place    | Note
-------+----------+-------------------------------------------
     0 | Abyss:1  | Acheron the Tengu Abyssal Knight began the quest for the
                  | Orb.
     0 | Abyss:1  | Reached XP level 1. HP: 14/14 MP: 3/3
   166 | Abyss:4  | Noticed a crystal guardian
   179 | D:1      | Escaped the Abyss
   677 | D:1      | Reached XP level 2. HP: 19/19 MP: 4/4
   810 | D:1      | Reached * piety under Lugonu
   838 | D:1      | Reached XP level 3. HP: 23/23 MP: 5/5
  1268 | D:1      | Reached skill level 1 in Stealth
  1812 | D:2      | Reached XP level 4. HP: 28/28 MP: 6/6
  1814 | D:2      | Reached skill level 1 in Evocations
  2472 | D:3      | Reached ** piety under Lugonu
  2707 | D:4      | Gained mutation: You can fly continuously. [Tengu growth]
  2707 | D:4      | Reached XP level 5. HP: 21/32 MP: 7/7
  2854 | D:4      | Found Ehucacru's Antique Weapon Emporium.
  3321 | D:5      | Entered Level 5 of the Dungeon
  3321 | D:5      | Found a blossoming altar of Fedhas.
  3355 | D:5      | Found a staircase to the Ecumenical Temple.
  3659 | D:4      | HP: 1/32 [worker ant (4)]
  3659 | D:4      | Slain by a worker ant

Illustrated notes

Levels and vault maps discovered:
D:1:      zelgadis_glass_arrival_small, layout_loops_ring
D:2:      layout_basic
D:3:      layout_loops_cross
D:4:      layout_basic, serial_shops, shop_fountains
D:5:      layout_cave_pools, fedhas_altar_2, minmay_temple_entry_proselytizer

Skill      XL: |  1  2  3  4  5 |
---------------+----------------+-----
Stealth        | 1 |  1.4
Evocations     | 1 |  1.7
Invocations    | 2 |  2.4
Axes           | 3 |  3.1
Dodging        | 2 |  2.0
Fighting       | |  3.6
Armour         | |  2.9

Action                   |  1- 3 |  4- 6 || total
-------------------------+-------+-------++-------
Melee: War axe           |     7 |       ||     7
       Hand axe          |    80 |    96 ||   176
       Kick              |    21 |    22 ||    43
       Peck              |     8 |    11 ||    19
Invok: Depart the Abyss  |     1 |       ||     1
 Abil: Fly               |       |     1 ||     1
  Use: Scroll            |       |     1 ||     1
Armor: Ring mail         |    11 |       ||    11
       Scale mail        |    12 |    43 ||    55
Dodge: Dodged            |    54 |    61 ||   115
